 Dungeon Crawl Stone Soup version 0.29.1-15-g9cfb28693d (webtiles) character file.

Game seed: 5723914176669326807

17829 protoss039 the Fighter (level 12, -1/97 HPs)
             Began as a Demonspawn Earth Elementalist on Mar 8, 2023.
             Was a High Priest of Vehumet.
             Slain by a skeletal warrior
             ... wielding a +0 war axe
              (4 damage)
             ... on level 12 of the Dungeon.
             The game lasted 00:26:57 (13256 turns).

protoss039 the Fighter (DsEE)                      Turns: 13256, Time: 00:26:59

Health: -1/97      AC: 17    Str: 15    XL:     12   Next: 22%
Magic:  25/25      EV: 10    Int: 20    God:    Vehumet [*****.]
Gold:   929        SH:  5    Dex: 15    Spells: 15/30 levels left

rFire   . . .      SeeInvis .   q - +2 rapier (venom)
rCold   . . .      Faith    .   O - +2 buckler
rNeg    + + .      Spirit   .   H - +3 ring mail of Sunlight {Harm rN++ Regen+ Slay+2}
rPois   .          Reflect  .   (no helmet)
rElec   .          Harm     +   y - +0 cloak
rCorr   +          Rampage  .   G - +0 pair of gloves
Will    .....                   P - +1 pair of boots
Stlth   +.........              Y - amulet of Vitality {RegenMP++ Regen++}
HPRegen 2.66/turn               C - +6 ring of strength
MPRegen 0.99/turn               W - ring of wizardry

@: mighty, weak-willed, studying Throwing
A: yellow scales 3, powered by pain 1, demonic magic 2, demonic touch 1
a: Renounce Religion


You were on level 12 of the Dungeon.
You worshipped Vehumet.
Vehumet was extremely pleased with you.
You visited 2 branches of the dungeon, and saw 13 of its levels.
You also visited: Sewer and Gauntlet.

You collected 941 gold pieces.
You spent 12 gold pieces at shops.

Inventory:

Hand Weapons
 q - a +2 rapier of venom (weapon)
 B - the +6 hammer of Might {vorpal, rF++ Str+4}
   (You found it on level 4 of the Dungeon)

   It inflicts extra damage upon your enemies.
   Str:       It affects your strength (+4).
   rF:        It greatly protects you from fire.
 I - a +2 spear of venom
 S - a -1 demon whip of venom
Missiles
 Z - 8 silver javelins
Armour
 y - a +0 cloak (worn)
 G - a +0 pair of gloves (worn)
 H - the +3 ring mail of Sunlight (worn) {Harm rN++ Regen+ Slay+2}
   (You found it on level 5 of the Dungeon)

   Slay:      It affects your accuracy & damage with ranged weapons and melee
   (+2).
   rN:        It greatly protects you from negative energy.
   Regen:     It increases your rate of health regeneration.
   Harm:      It increases damage dealt and taken.
 M - a +1 leather armour of poison resistance
 N - +0 steam dragon scales
 O - a +2 buckler (worn)
 P - a +1 pair of boots (worn)
Magical Staves
 d - a staff of earth
 s - a staff of poison
Jewellery
 a - an amulet of reflection
 C - a +6 ring of strength (left hand)
 F - a ring of protection from fire
 W - a ring of wizardry (right hand)
 Y - the amulet of Vitality (around neck) {RegenMP++ Regen++}
   (You found it in a Gauntlet)

   [amulet of magic regeneration]

   It increases your rate of magic regeneration.
   Regen:     It increases your rate of health regeneration.
Wands
 l - a wand of polymorph (27)
 R - a wand of flame (12)
 T - a wand of iceblast (7)
Scrolls
 f - 3 scrolls of amnesia
 h - a scroll of identify
 j - 3 scrolls of magic mapping
 k - 8 scrolls of teleportation
 m - 4 scrolls of poison
 n - 2 scrolls of enchant armour {unknown}
 o - 2 scrolls of torment {unknown}
 p - 4 scrolls of noise {unknown}
 w - 2 scrolls of immolation
 x - 2 scrolls of fear {unknown}
 E - 2 scrolls of enchant weapon {unknown}
 J - 4 scrolls of butterflies {unknown}
 L - 4 scrolls of brand weapon
 U - 2 scrolls of acquirement {unknown}
 V - a scroll of summoning {unknown}
Potions
 b - a potion of magic
 c - 4 potions of might
 g - 4 potions of brilliance
 i - 9 potions of curing
 r - 4 potions of lignification
 t - 3 potions of heal wounds {unknown}
 u - 2 potions of haste {unknown}
 v - 2 potions of berserk rage {unknown}
 z - a potion of ambrosia {unknown}
 A - 5 potions of flight
 D - 2 potions of mutation {unknown}
 K - 2 potions of attraction {unknown}
 Q - a potion of cancellation {unknown}
Miscellaneous
 X - a phantom mirror


   Skills:
 + Level 10.1 Fighting
 - Level 3.0 Armour
 - Level 1.7 Dodging
 - Level 1.7 Stealth
 + Level 9.5 Spellcasting
 + Level 9.3 Conjurations
 - Level 3.0 Translocations
 - Level 0.8 Transmutations
 + Level 9.7 Earth Magic


You had 15 spell levels left.
You knew the following spells:

 Your Spells              Type           Power      Damage    Failure   Level
a - Sandblast             Erth           96%        2d20      1%          1
b - Passwall              Tmut/Erth      25%        N/A       1%          2
c - Stone Arrow           Conj/Erth      94%        3d12      1%          3
d - Iskenderun's Mystic   Conj/Tloc      34%        2d8       1%          4
e - Lee's Rapid Deconstr  Erth           24%        3d14*     1%          5

Your spell library contained the following spells:

 Spells                   Type           Power      Damage    Failure   Level
 Spellforged Servitor     Conj/Summ      14%        N/A       86%         7
 Conjure Flame            Conj/Fire      28%        6-21      1%          3
 Dazzling Flash           Conj/Hex       56%        N/A       1%          3
 Blink                    Tloc           42%        N/A       3%          2
 Scorch                   Fire           18%        2d6       3%          2
 Flame Wave               Conj/Fire      28%        2d9       3%          4
 Sticky Flame             Conj/Fire      28%        2d5       3%          4
 Ignite Poison            Fire/Tmut/Pois 10%        N/A       6%          3
 Gell's Gravitas          Tloc           21%        N/A       7%          3
 Lesser Beckoning         Tloc           21%        N/A       7%          3
 Teleport Other           Tloc           21%        N/A       7%          3
 Petrify                  Tmut/Erth      30%        N/A       9%          4
 Ensorcelled Hibernation  Hex/Ice        18%        N/A       12%         2
 Spider Form              Tmut/Pois      11%        N/A       19%         3
 Swiftness                Air            9%         N/A       22%         3
 Starburst                Conj/Fire      14%        6d6       38%         6
 Manifold Assault         Tloc           21%        N/A       50%         5
 Anguish                  Hex/Necr       4%         N/A       56%         4
 Corpse Rot               Necr/Pois/Air  9%         N/A       56%         4
 Dispel Undead            Necr           9%         3d8       56%         4
 Death Channel            Necr           4%         N/A       100%        6
 Summon Cactus Giant      Summ           4%         N/A       100%        6


Dungeon Overview and Level Annotations

Branches:
Dungeon (12/15) Zot: 26863  Temple (1/1) D:6 Zot: 5843    Lair (0/5) D:8
    Orc (0/2) D:9           Sewer (visited)         Gauntlet (visited)

Altars:
Ashenzari
Cheibriados
Dithmenos
Fedhas
Gozag
Hepliaklqana
Kikubaaqudgha
Makhleb
Nemelex Xobeh
Okawaru
Qazlal
Ru
Sif Muna
Trog
Uskayaw
Vehumet
Wu Jian
Xom
Yredelemnul

Shops:
D:1 [   D:6 *((


Innate Abilities, Weirdness & Mutations

You are completely covered in yellow scales. (AC +4, rCorr)
You sometimes gain a little power by taking damage.
Spells you cast may paralyse nearby enemies.
Your touch may inflict minor irresistible damage on your foes.


Message History

The stone arrow misses the skeletal warrior. x2
Malevolent energies surge around you.
The skeletal warrior hits you from afar with a +0 halberd.
Unknown command.
Casting: Stone Arrow (safe; 1% risk of failure)
Confirm with . or Enter, or press ? or * to list all spells.
Aiming: Stone Arrow (safe; 1% risk of failure)
Press: ? - help, Shift-Dir - straight line, f/p - skeletal warrior
Aim: a skeletal warrior, wielding a +0 war axe (moderately damaged, 76% to hit)
The stone arrow hits the skeletal warrior but does no damage.
The skeletal warrior is moderately damaged.
Malevolent energies surge around you.
The skeletal warrior is no longer paralysed.
The skeletal warrior hits you from afar with a +0 halberd!
You focus on the pain.
You feel your power returning.
Casting: Stone Arrow (safe; 1% risk of failure)
Confirm with . or Enter, or press ? or * to list all spells.
Aiming: Stone Arrow (safe; 1% risk of failure)
Press: ? - help, Shift-Dir - straight line, f/p - skeletal warrior
Aim: a skeletal warrior, wielding a +0 war axe (moderately damaged, 76% to hit)
The stone arrow hits the skeletal warrior!
The skeletal warrior is severely damaged.
Malevolent energies surge around you.
The skeletal warrior hits you from afar with a +0 halberd!
You block the skeletal warrior's attack.
The skeletal warrior hits you with a +0 battleaxe!
You focus on the pain.
You feel very mighty all of a sudden.
The skeletal warrior hits you with a +0 war axe!!
* * * LOW HITPOINT WARNING * * *
You focus on the pain.
You feel your power returning.
Unknown command.
Unknown command.
As you read the scroll labelled RUATUWO ITHRAYKH, it crumbles to dust.
Magic quickly surges around you.
It was a scroll of vulnerability.
You block the skeletal warrior's attack.
The skeletal warrior hits you with a +0 flail!
* * * LOW HITPOINT WARNING * * *
The skeletal warrior hits you with a +0 war axe.
You die...

##...######
###.........##
#...#.....)..##
#####.##..........#
###.....#...........#
##...###.............#
...#####.##..........#
.....................#
....###..###...z@z..##
........## #...z.z..#
..##..### #.....z....#
..##..# #..........#
..#...# #..........#
.....## #..........#
...#.# #..........#
...# # ##........##
..##


You could see 5 skeletal warriors.

Vanquished Creatures
  A minotaur (Gauntlet)
  A hydra (D:12)
  A two-headed ogre (D:9)
  A death yak (D:8)
  A fire crab (Gauntlet)
  Amaemon (D:10)
  A deep elf pyromancer (D:9)
  2 cyclopes
  An orange demon (D:10)
  An unseen horror (D:8)
  A kobold demonologist (D:10)
  A komodo dragon (D:12)
  A tyrant leech (Gauntlet)
  4 trolls
  3 hornets
  A polar bear (D:8)
  A shadow (D:11)
  2 wyverns
  A wraith (D:11)
  10 yaks
  4 fire bats (Gauntlet)
  3 steam dragons
  3 swamp worms (Gauntlet)
  7 water moccasins
  An acid dragon (D:10)
  A black bear (D:6)
  9 orc warriors
  2 sky beasts
  6 ice beasts (D:8)
  2 ogres
  2 wolves (D:8)
  2 centaurs
  A phantom (D:4)
  10 bullfrogs
  3 gnoll sergeants
  4 scorpions
  17 wights
  15 killer bees
  A howler monkey (D:8)
  2 electric eels (D:8)
  4 hounds
  A wyvern simulacrum (D:8)
  2 gnoll boudas
  3 orc priests
  2 jellies
  Crazy Yiuf (D:4)
  3 iguanas
  12 orc wizards
  A merfolk siren (Sewer)
  A merfolk avatar (Sewer)
  A killer bee simulacrum (D:8)
  12 gnolls
  2 river rats (Sewer)
  5 adders
  A shadow imp (D:5)
  6 white imps (D:8)
  4 ufetubi
  2 worms
  A dart slug (D:1)
  48 orcs
  3 bats (D:1)
  6 endoplasms
  6 giant cockroaches
  7 goblins
  4 hobgoblins
  4 jackals (D:4)
  7 kobolds
  6 quokkas
  7 ball pythons
  5 frilled lizards
  24 rats
322 creatures vanquished.

Vanquished Creatures (others)
  28 demonic plants (Gauntlet)
  44 fungi
  47 plants (D:8)
119 creatures vanquished.

Grand Total: 441 creatures vanquished

Notes
Turn   | Place    | Note
-------+----------+-------------------------------------------
     0 | D:1      | protoss039 the Demonspawn Earth Elementalist began the
                  | quest for the Orb.
     0 | D:1      | Reached XP level 1. HP: 13/13 MP: 3/3
   153 | D:1      | Gained mutation: Spells you cast may paralyse adjacent
                  | enemies. [demonic ancestry]
   153 | D:1      | Reached XP level 2. HP: 20/20 MP: 3/5
   409 | D:1      | Reached skill level 1 in Fighting
   440 | D:1      | Found Omudef's Armour Shoppe.
   600 | D:1      | Learned a level 2 spell: Passwall
  1047 | D:2      | Gained mutation: You are partially covered in yellow
                  | scales. (AC +2) [demonic ancestry]
  1047 | D:2      | Reached XP level 3. HP: 26/26 MP: 3/6
  1827 | D:3      | Found a shimmering altar of Xom.
  1840 | D:3      | Found a blossoming altar of Fedhas.
  1843 | D:3      | Found a hazy altar of Hepliaklqana.
  1843 | D:3      | Found a burning altar of Makhleb.
  1850 | D:3      | Found a basalt altar of Yredelemnul.
  2274 | D:4      | Gained mutation: You are mostly covered in yellow scales.
                  | (AC +3) [demonic ancestry]
  2274 | D:4      | Reached XP level 4. HP: 27/33 MP: 4/8
  2294 | D:4      | Reached skill level 2 in Fighting
  2388 | D:4      | Noticed a phantom
  2404 | D:4      | Killed a phantom
  2405 | D:4      | Reached XP level 5. HP: 37/39 MP: 4/10
  2531 | D:4      | Reached skill level 3 in Fighting
  2694 | D:4      | Reached XP level 6. HP: 31/47 MP: 11/11
  3025 | D:4      | Found a bloodstained altar of Trog.
  3087 | D:4      | Found a runed translucent door.
  3088 | D:4      | Noticed Crazy Yiuf
  3160 | D:4      | Killed Crazy Yiuf
  3172 | D:4      | Identified the +6 hammer of Might {vorpal, rF++ Str+4}
  3261 | D:4      | Learned a level 3 spell: Stone Arrow
  3262 | D:5      | Entered Level 5 of the Dungeon
  3515 | D:5      | Found a glowing drain.
  3651 | Sewer    | Entered a sewer
  3923 | Sewer    | Reached skill level 1 in Armour
  3923 | Sewer    | Reached skill level 1 in Conjurations
  4205 | D:5      | Reached XP level 7. HP: 53/53 MP: 5/13
  4396 | D:5      | Reached skill level 4 in Fighting
  4881 | D:5      | Reached skill level 5 in Earth Magic
  4882 | D:5      | Identified the +3 ring mail of Sunlight {Harm rN++ Regen+
                  | Slay+2}
  5154 | D:6      | Found a sacrificial altar of Ru.
  5202 | D:6      | Reached XP level 8. HP: 61/61 MP: 10/15
  5264 | D:6      | Found an ornate altar of the Wu Jian Council.
  5267 | D:6      | Found a stormy altar of Qazlal.
  5267 | D:6      | Found a broken altar of Ashenzari.
  5473 | D:6      | Found a staircase to the Ecumenical Temple.
  5483 | D:6      | Reached skill level 5 in Spellcasting
  5488 | Temple   | Entered the Ecumenical Temple
  5635 | Temple   | Became a worshipper of Vehumet
  5899 | D:6      | Found Seohem's General Store.
  5903 | D:6      | Reached skill level 5 in Fighting
  5978 | D:6      | Found Uneettun's Weapon Shoppe.
  6050 | D:6      | Bought a potion of degeneration for 12 gold pieces
  6328 | D:6      | Found Muzxepag's Weapon Shoppe.
  6752 | D:7      | Found an opulent altar of Gozag.
  7078 | D:7      | Gained mutation: Spells you cast may paralyse nearby
                  | enemies. [demonic ancestry]
  7078 | D:7      | Reached XP level 9. HP: 57/69 MP: 2/17
  7218 | D:7      | Reached skill level 6 in Fighting
  7575 | D:7      | Reached * piety under Vehumet
  7575 | D:7      | Offered knowledge of Shock by Vehumet.
  7943 | D:8      | Reached skill level 5 in Conjurations
  8030 | D:8      | Noticed a polar bear
  8040 | D:8      | Killed a polar bear
  8141 | D:8      | Found a staircase to the Lair.
  8168 | D:8      | Reached skill level 7 in Fighting
  8180 | D:8      | Offered knowledge of Magic Dart by Vehumet.
  8181 | D:8      | Gained mutation: Your touch may inflict minor irresistible
                  | damage on your foes. [demonic ancestry]
  8181 | D:8      | Reached XP level 10. HP: 40/79 MP: 2/20
  8315 | D:8      | Reached ** piety under Vehumet
  8428 | D:8      | Noticed a death yak
  8441 | D:8      | Killed a death yak
  8844 | D:8      | Reached skill level 8 in Fighting
  9185 | D:8      | Offered knowledge of Frozen Ramparts by Vehumet.
  9805 | D:8      | Learned a level 4 spell: Iskenderun's Mystic Blast
  9806 | D:9      | Found a staircase to the Orcish Mines.
  9810 | D:9      | Reached *** piety under Vehumet
 10246 | D:9      | Offered knowledge of Hailstorm by Vehumet.
 10348 | D:9      | Noticed a two-headed ogre
 10351 | D:9      | Reached skill level 1 in Translocations
 10352 | D:9      | Gained mutation: You are completely covered in yellow
                  | scales. (AC +4, rCorr) [demonic ancestry]
 10352 | D:9      | Reached XP level 11. HP: 87/87 MP: 9/23
 10357 | D:9      | Killed a two-headed ogre
 10621 | D:9      | Noticed a deep elf pyromancer
 10638 | D:9      | Killed a deep elf pyromancer
 10648 | D:9      | Reached **** piety under Vehumet
 10899 | D:10     | Entered Level 10 of the Dungeon
 10962 | D:10     | Reached skill level 9 in Fighting
 11045 | D:10     | Offered knowledge of Lee's Rapid Deconstruction by Vehumet.
 11249 | D:10     | Found a snail-covered altar of Cheibriados.
 11381 | D:10     | Noticed Amaemon
 11389 | D:10     | Killed Amaemon
 11697 | D:10     | Learned a level 5 spell: Lee's Rapid Deconstruction
 12468 | D:12     | Noticed a four-headed hydra
 12476 | D:12     | Killed a four-headed hydra
 12528 | D:12     | Found a gate leading to a gauntlet.
 12537 | Gauntlet | Entered a Gauntlet
 12537 | Gauntlet | Found a transporter.
 12551 | Gauntlet | Noticed a large abomination
 12558 | Gauntlet | Found a transporter.
 12572 | Gauntlet | Found a transporter.
 12577 | Gauntlet | Found a transporter.
 12583 | Gauntlet | Noticed a green death
 12592 | Gauntlet | Found a transporter.
 12607 | Gauntlet | Noticed a sixfirhy
 12607 | Gauntlet | Noticed a sixfirhy
 12610 | Gauntlet | Noticed a sixfirhy
 12611 | Gauntlet | Found a transporter.
 12612 | Gauntlet | Noticed a sixfirhy
 12619 | Gauntlet | Noticed a death yak
 12620 | Gauntlet | Noticed a death yak
 12620 | Gauntlet | Noticed a death yak
 12621 | Gauntlet | Noticed a death yak
 12621 | Gauntlet | Noticed a necromancer
 12622 | Gauntlet | Noticed a death yak
 12622 | Gauntlet | Noticed a death yak
 12623 | Gauntlet | Found a transporter.
 12632 | Gauntlet | Noticed an entropy weaver
 12635 | Gauntlet | Found a transporter.
 12645 | Gauntlet | Found the amulet of Vitality {RegenMP++ Regen++}
 12647 | Gauntlet | Found a transporter.
 12662 | Gauntlet | Found a transporter.
 12664 | Gauntlet | Noticed a harpy
 12667 | Gauntlet | Noticed a shining eye
 12676 | Gauntlet | Found a transporter.
 12686 | Gauntlet | Noticed a sea snake
 12687 | Gauntlet | Noticed a shock serpent
 12687 | Gauntlet | a sea snake changed into a shock serpent
 12692 | Gauntlet | Noticed an orb spider
 12692 | Gauntlet | a shock serpent changed into an orb spider
 12694 | Gauntlet | Found a transporter.
 12694 | Gauntlet | an orb spider changed into a slime creature
 12696 | Gauntlet | Found a transporter.
 12696 | Gauntlet | Noticed a sea snake
 12696 | Gauntlet | a slime creature changed into a sea snake
 12710 | Gauntlet | Noticed a fire crab
 12721 | Gauntlet | Found a transporter.
 12723 | Gauntlet | Found a transporter.
 12855 | Gauntlet | Found a transporter.
 12880 | Gauntlet | Noticed a two-headed ogre
 12880 | Gauntlet | a two-headed ogre changed into a water nymph
 12889 | Gauntlet | Noticed a death drake
 12889 | Gauntlet | a faun changed into a death drake
 12943 | Gauntlet | Found a transporter.
 13006 | Gauntlet | Gained mutation: You sometimes gain a little power by
                  | taking damage. [demonic ancestry]
 13006 | Gauntlet | Reached XP level 12. HP: 78/97 MP: 21/25
 13093 | Gauntlet | Reached ***** piety under Vehumet
 13095 | Gauntlet | Offered knowledge of Spellforged Servitor by Vehumet.
 13100 | Gauntlet | Reached skill level 10 in Fighting
 13185 | Gauntlet | Noticed a minotaur
 13191 | Gauntlet | Killed a minotaur
 13249 | D:12     | Identified the +6 chain mail of Lunax {Str-2 Dex+2 Slay+3}
 13256 | D:12     | HP: 3/97 [skeletal warrior/+0 flail (8)]
 13256 | D:12     | Slain by a skeletal warrior

Illustrated notes

Levels and vault maps discovered:
D:1:      dpeg_arrival_pits, layout_basic, serial_shops, shop
D:2:      layout_loops_ring
D:3:      layout_loops_corners, nicolae_overflow_hallway_of_the_gods
D:4:      layout_rooms, mainiacjoe_overflow_chevrons, minivault_26,
          minmay_misc_feat_columns, minmay_manual_mess, uniq_crazy_yiuf_cottage
D:5:      layout_basic, lightli_sewer_entry_pipes
D:6:      layout_loops_cross, grunt_temple_overflow_open,
          mainiacjoe_overflow_six_doors_small, minmay_temple_entry_mini_moons,
          serial_shops, nicolae_shop_competitors_out_of_business, shop,
          shop_coins, minivault_11
D:7:      layout_loops_cross, grunt_gozag_statues
D:8:      minmay_octagon_keep, layout_basic, due_lair_maze_entry_diamond,
          enter_bailey_3, serial_ice, serial_ice_d, serial_ice_o, serial_ice_k,
          serial_ice_h, serial_ice_f, serial_ice_m, serial_ice_c, serial_ice_e,
          serial_ice_a, serial_ice_b
D:9:      layout_roguey, orc_0_dummy, serial_curves, eino_curves_03,
          eino_curves_03, grunt_potential
D:10:     layout_rooms, old_standard_altar, lemuel_doored_altar,
          minmay_misc_feat_nine_boxes, uniq_amaemon
D:11:     layout_gridville
D:12:     lemuel_ice_spiral_2, layout_rooms, gauntlet_entry_generic
Temple:   nicolae_temple_superstar

Skill      XL: |  1  2  3  4  5  6  7  8  9 10 11 12 |
---------------+-------------------------------------+-----
Fighting       | 1 2 3 4 5 7 8 9 10 | 10.1
Earth Magic    | 3 4 5 6 7 8 9 |  9.7
Spellcasting   | 3 4 5 6 8 9 |  9.5
Armour         | 1 2 3 |  3.0
Conjurations   | 1 2 4 5 7 9 |  9.3
Translocations | 1 3 |  3.0
Dodging        | |  1.7
Stealth        | |  1.7
Transmutations | |  0.8

Action                   |  1- 3 |  4- 6 |  7- 9 | 10-12 || total
-------------------------+-------+-------+-------+-------++-------
Melee: Rapier            |    18 |   140 |     6 |       ||   164
       Spear             |       |       |    60 |    62 ||   122
       Punch             |       |       |     1 |       ||     1
       Touch             |       |       |       |     2 ||     2
       Mace              |       |       |       |     3 ||     3
 Cast: Sandblast         |    29 |    27 |    84 |   111 ||   251
       Stone Arrow       |       |     4 |    64 |   156 ||   224
       Passwall          |       |       |       |     1 ||     1
Evoke: Wand              |       |       |       |     1 ||     1
  Use: Scroll            |       |       |     6 |     4 ||    10
 Stab: Sleeping          |     1 |     6 |     1 |       ||     8
       Paralysed         |       |     1 |    27 |    31 ||    59
Armor: Robe              |     1 |       |       |       ||     1
       Leather armour    |     7 |    46 |     6 |       ||    59
       Ring mail         |       |       |    21 |    77 ||    98
Dodge: Dodged            |    13 |    72 |    56 |    60 ||   201
Block: Other             |     5 |    57 |    33 |     9 ||   104
       Reflection        |       |       |     1 |     5 ||     6
       Buckler           |       |       |       |    45 ||    45
